[Event "Chile-ch Women 2019"]
[Site "Santiago Las Condes"]
[Date "2019.02.16"]
[Round "7.4"]
[White "Reyes Jara, Paula"]
[Black "Vildosola Canales, Melany"]
[Result "1-0"]
[ECO "B33"]
[WhiteElo "1955"]
[BlackElo "1531"]
[Annotator "NA"]
[PlyCount "77"]
[EventDate "2019.02.12"]
[EventType "swiss"]
[EventCountry "CHI"]
[SourceTitle "playchess.com"]
[Source "ChessBase"]
[SourceQuality "1"]
[TimeControl "5400+30"]

1. e4 c5 2. Nf3 Nc6 3. d4 cxd4 4. Nxd4 Nf6 5. Nc3 e5 6. Ndb5 d6 7. Bg5 a6 8. Bxf6 gxf6 9. Na3 b5 10. Nd5 Bg7 11. c3 O-O 12. Qf3 Be6 13. h4 Bxd5 14. exd5 e4 15. Qg4 Ne5 16. Qxe4 Re8 17. O-O-O Nc4 18. Qg4 Nxa3 19. bxa3 Qa5 20. Qb4 Qxb4 21. axb4 f5 22. Rh3 Rac8 23. Kb2 Rc7 24. Kb3 Rce7 25. a4 Rb8 26. axb5 axb5 27. Bd3 Re5 28. Rf3 Rxd5 29. Rxf5 Rxf5 30. Bxf5 Be5 31. Rd5 Rb7 32. Bd3 Rc7 33. c4 bxc4+ 34. Bxc4 Rb7 35. g3 Rb6 36. f4 Bf6 37. Rf5 Kg7 38. h5 h6 39. g4 1-0

[Event "Chile-ch Women 2019"]
[Site "Santiago Las Condes"]
[Date "2019.02.16"]
[Round "7.5"]
[White "Abdala Cancino, Patricia Anastas"]
[Black "Sanchez Tobar, Francisca Valenti"]
[Result "0-1"]
[ECO "C54"]
[WhiteElo "1534"]
[BlackElo "1817"]
[Annotator "NA"]
[PlyCount "114"]
[EventDate "2019.02.12"]
[EventType "swiss"]
[EventCountry "CHI"]
[SourceTitle "playchess.com"]
[Source "ChessBase"]
[SourceQuality "1"]
[TimeControl "5400+30"]

1. e4 e5 2. Nf3 Nc6 3. Bc4 Bc5 4. c3 Nf6 5. d3 d6 6. Bb3 a6 7. Bc2 h6 8. Nbd2 Bd7 9. Nf1 Ba7 10. Ng3 g5 11. Be3 Bxe3 12. fxe3 Qe7 13. Qe2 O-O-O 14. O-O-O d5 15. d4 dxe4 16. Nxe4 Nxe4 17. Bxe4 exd4 18. exd4 Rhe8 19. Rhe1 f5 20. Bd3 Qxe2 21. Rxe2 Rxe2 22. Bxe2 Re8 23. Bd3 Kd8 24. Kd2 Re7 25. Re1 Rxe1 26. Kxe1 Ke7 27. Kf2 Kf6 28. Nd2 Ne7 29. Nb3 Nd5 30. Bc4 Nb6 31. Nc5 Bc8 32. Bb3 Nd7 33. Be6 Nxc5 34. Bxc8 Ne4+ 35. Ke3 Nd6 36. Bd7 c6 37. g4 f4+ 38. Kf3 Ke7 39. Bf5 Nxf5 40. gxf5 Kf6 41. Ke4 f3 42. Kxf3 Kxf5 43. h3 h5 44. a3 a5 45. b3 b5 46. a4 bxa4 47. bxa4 g4+ 48. hxg4+ hxg4+ 49. Kg3 Ke4 50. Kxg4 Kd3 51. Kf4 Kxc3 52. Ke3 Kb4 53. Ke4 Kxa4 54. d5 cxd5+ 55. Kxd5 Kb3 56. Kd4 a4 57. Ke4 Kc4 0-1

[Event "Chile-ch Women 2019"]
[Site "Santiago Las Condes"]
[Date "2019.02.16"]
[Round "7.7"]
[White "Yanez Araya, Josefa"]
[Black "Urrutia Cordova, Camila"]
[Result "0-1"]
[ECO "E60"]
[WhiteElo "1688"]
[BlackElo "1694"]
[Annotator "NA"]
[PlyCount "106"]
[EventDate "2019.02.12"]
[EventType "swiss"]
[EventCountry "CHI"]
[SourceTitle "playchess.com"]
[Source "ChessBase"]
[SourceQuality "1"]
[TimeControl "5400+30"]

1. d4 Nf6 2. Nf3 g6 3. g3 Bg7 4. Bg2 d6 5. O-O O-O 6. b3 c5 7. Bb2 Nc6 8. c4 Nd7 9. Qd2 Qa5 10. Rd1 Rb8 11. Bc3 Qc7 12. d5 Nce5 13. Nxe5 Nxe5 14. f4 Ng4 15. Bxg7 Kxg7 16. Nc3 a6 17. a4 Qb6 18. Rab1 Qb4 19. h3 Nh6 20. e4 Bd7 21. Qe3 b5 22. axb5 axb5 23. Bf1 bxc4 24. bxc4 Qa5 25. Ra1 Qc7 26. Rdb1 Rxb1 27. Rxb1 Rb8 28. f5 Rxb1 29. Nxb1 Qa5 30. fxg6 hxg6 31. Nd2 Qa1 32. g4 Qe5 33. Qf2 Ng8 34. Bg2 Qc3 35. Bf1 Nf6 36. Bg2 Bc8 37. Qe1 Nd7 38. Kf2 Ne5 39. Qe3 Qc2 40. Bf1 Bxg4 41. Kg3 Bh5 42. Be2 Bxe2 43. Qxe2 Qc3+ 44. Kg2 g5 45. Nf3 Nxf3 46. Qxf3 Qxc4 47. Qg4 Qc2+ 48. Kf1 Qc1+ 49. Kf2 Qd2+ 50. Qe2 Qxe2+ 51. Kxe2 Kf6 52. Ke3 Ke5 53. Kd3 Kf4 {[%emt 0:00:15] Kd4 [%clk 0:00:00] Ke5+} 0-1

[Event "Chile-ch Women 2019"]
[Site "Santiago Las Condes"]
[Date "2019.02.17"]
[Round "8.1"]
[White "Gomez Barrera, Javiera Belen"]
[Black "Abarca Gonzalez, Damaris"]
[Result "0-1"]
[ECO "C54"]
[WhiteElo "1990"]
[BlackElo "2039"]
[Annotator "NA RC"]
[PlyCount "142"]
[EventDate "2019.02.12"]
[EventType "swiss"]
[EventCountry "CHI"]
[SourceTitle "playchess.com"]
[Source "ChessBase"]
[SourceQuality "1"]
[TimeControl "5400+30"]

1. e4 e5 2. Nf3 Nc6 3. Bc4 Bc5 4. c3 Nf6 5. d3 O-O 6. O-O d6 7. Bb3 a6 8. Nbd2 Ba7 9. h3 Be6 10. Re1 {[%emt 0:03:59] C54: Giuoco Piano: 4 c3 Nf6, main lines with 5 d4 and 5 d3} (10. Bc2 d5 11. Ng5 Qe8 12. Ndf3 Rd8 13. Nxe6 fxe6 14. Qe2 Nh5 15. Kh2 Nf4 16. Bxf4 Rxf4 17. Rae1 Qf7 {½-½ (42) Aronian,L (2764)-Kramnik,V (2792) Paris 2018}) 10... Bxb3 11. Qxb3 b5 12. Nf1 Nh5 13. Bg5 Qd7 14. Rad1 h6 15. Be3 {[%emt 0:01:48] [#]} Kh8 $146 ({Predecessor:} 15... Bxe3 16. Nxe3 Nf4 17. d4 Rfe8 {0-1 (62) Lu,S (2636)-Tabatabaei,M (2587) Makati 2018}) 16. Bxa7 Rxa7 17. Ne3 Qe6 18. Qxe6 fxe6 19. Nh4 Kh7 20. g3 Raa8 21. Rd2 b4 (21... Nf6 $11) 22. Rc1 g5 23. Nhg2 $1 ({Don't play} 23. cxb4 Nd4 $17) 23... Rf7 (23... b3 $11 {remains equal.}) 24. cxb4 Nd4 25. Ne1 Rb8 {[%emt 0:00:56] [#]} ({Black should try} 25... a5) 26. N3c2 $2 Nc6 27. Ne3 ({White should try} 27. Na1 $16 Rb6 28. Rdc2 Nxb4 29. Rxc7 Rxc7 30. Rxc7+ Kg6 31. a3) 27... Nd4 28. N3c2 Nc6 29. Ne3 Nd4 {[%emt 0:00:08] [#]} 30. Rc4 $1 $16 c6 31. N3c2 d5 32. exd5 cxd5 33. Rc5 Nb5 (33... Nxc2 {might work better.} 34. Nxc2 (34. Rdxc2 Rxb4 35. Rc6 Ng7 $16) 34... Rb6) 34. a4 Nc7 35. Re2 Nf6 36. f3 (36. Rc6 $18) 36... Rb7 37. Rc6 Nd7 38. Kg2 ({Better is} 38. Rd6 $18) 38... Re7 (38... d4 $16) 39. a5 (39. d4 $18) 39... d4 $11 (39... Nb8 $16 40. Rb6 Rxb6 41. axb6 Nb5) 40. Kf2 Kg7 41. Ng2 ({Better is} 41. Rd6 $16) 41... Rf7 42. Nge1 (42. Kg1 $16) 42... Re7 43. Kg2 Rf7 $1 44. Rc4 Nd5 45. Rc6 {[%emt 0:00:23] Double Attack} Nc7 46. Na3 Nb8 47. Rc4 (47. Rc1 $16) 47... Kf6 48. Nec2 Nd5 49. Nb1 Rfc7 50. Rxc7 Nxc7 51. Nd2 Nc6 52. Ne4+ Ke7 $1 53. Nc5 Rb5 54. Na3 Rxb4 55. Nc4 Rb5 56. Na4 Nd5 57. Kf2 (57. Nab6 $17) 57... Nxa5 58. Nxe5 {[%emt 0:00:27] [#]} Ne3 (58... Nb3 $1 $17 59. Kg1 Ne3 60. Nc6+ Kd6 61. Nxd4 {[%mdl 64] Remove Defender} Nxd4 62. Rxe3 Rb4) 59. Ng4 Nxg4+ 60. hxg4 Nb7 (60... Kd6 $15 61. Rc2 Nc6) 61. Rc2 Kd6 62. Rc4 e5 63. f4 gxf4 $11 64. gxf4 Na5 65. fxe5+ Kxe5 66. Rc7 Kf4 67. Rd7 Rb4 68. Nc5 Rxb2+ 69. Ke1 Kxg4 70. Rxd4+ Kf3 71. Nxa6 Nb3 0-1

[Event "Chile-ch Women 2019"]
[Site "Santiago Las Condes"]
[Date "2019.02.16"]
[Round "8.2"]
[White "Arbunic Castro, Giovanna"]
[Black "Reyes Jara, Paula"]
[Result "1/2-1/2"]
[ECO "E73"]
[WhiteElo "1995"]
[BlackElo "1955"]
[Annotator "NA RC"]
[PlyCount "129"]
[EventDate "2019.02.12"]
[EventType "swiss"]
[EventCountry "CHI"]
[SourceTitle "playchess.com"]
[Source "ChessBase"]
[SourceQuality "1"]
[TimeControl "5400+30"]

1. d4 Nf6 2. c4 g6 3. Nc3 Bg7 4. e4 d6 5. Be2 O-O 6. Bg5 Nc6 7. Qd2 {[%emt 0:10:34] E73: King's Indian: Averbakh Variation without 6...c5} (7. Nf3 Bg4 8. d5 Bxf3 9. Bxf3 Ne5 10. Be2 c6 11. O-O Rc8 12. Qb3 Qc7 13. Rac1 a6 14. Be3 Ned7 15. f3 cxd5 16. cxd5 {1-0 (65) Smirin,I (2658)-Petrosian,T (2625) Minsk 2015}) 7... e5 8. dxe5 Nxe5 9. f3 $146 ({Predecessor:} 9. Rd1 Qe8 10. c5 Qc6 11. Qf4 Nfd7 12. Be7 Qxc5 13. Bxf8 Nxf8 14. Qd2 Be6 {½-½ (61) Morss,M (2102)-Llorente Alvarez,J (2122) LSS email 2008}) 9... Be6 10. Nd5 c6 11. Ne3 Qb6 12. O-O-O (12. Rc1 $17 {is a better defense.}) 12... Qa6 13. Kb1 {[%emt 0:10:43] [#]} (13. a3 $17) 13... Nxc4 $2 ({Not} 13... Bxc4 14. Nxc4 Nxc4 15. Qd4 $15) (13... b5 $1 $19 14. Bf4 (14. Qxd6 $2 Nxc4 15. Bxc4 bxc4 $19) 14... Nh5 15. Bxe5 dxe5) 14. Nxc4 Bxc4 15. Bxc4 Qxc4 16. Qxd6 $2 {[%emt 0:00:48] [#]} (16. h4 $15) 16... Nxe4 $1 17. fxe4 Qxe4+ {[%emt 0:00:11] Double Attack} 18. Qd3 Qxg2 19. Ne2 Qxg5 20. Qb3 b6 21. Rhf1 Rae8 22. Nc3 Rd8 23. Rde1 Rd3 24. Qc4 Bxc3 25. bxc3 Qb5+ 26. Qxb5 cxb5 27. Re7 Rxc3 28. Rxa7 Rc6 29. Rd1 Re8 30. Rd5 Re1+ 31. Kb2 Re2+ 32. Kb3 Rxh2 33. Rxb5 Rh1 34. Kb2 Rf1 35. a4 h5 36. Ra6 Rff6 37. Rg5 Kg7 38. Kb3 Rc1 39. Kb2 Rc5 $4 (39... Rh1 $19 {avoids the disaster.} 40. a5 bxa5) 40. Rxc5 h4 (40... bxc5 $2 {too greedy.} 41. Rxf6 Kxf6 42. a5 $18) 41. Rc2 $2 ({White should play} 41. Rc1 $18) 41... g5 42. Rc3 ({White should try} 42. Rg2 $14 Rg6 43. Rh2) 42... Kg6 $2 (42... g4 $11 {and Black stays safe.} 43. Rc4 g3 44. Rxh4 g2 45. Rg4+ Rg6 46. Rxg2 Rxg2+ 47. Kc3 Rg6) 43. Rb3 $2 (43. Ra8 $16) 43... Rf2+ $2 (43... g4 $11 44. Rbxb6 Rxb6+ 45. Rxb6+ Kg5 46. Rb5+ f5) 44. Kc1 $2 ({White has to play} 44. Ka3 $18 Kh5 45. Rbxb6 Rf3+ 46. Kb2) 44... g4 $1 45. Raxb6+ Kg5 46. R3b5+ $2 (46. a5 $11 {and White has nothing to worry.} h3 47. Rb8 Rf1+ 48. Kd2) 46... f5 47. Rb2 $2 (47. Rb8 h3 48. Rg8+ Kf4 49. Rf8) 47... Rf1+ $2 (47... g3 $19 48. Rb7 Rxb2 49. Kxb2 h3 50. Rg7+ Kf4) 48. Kc2 $2 (48. Kd2 $11) 48... g3 49. a5 $2 (49. R2b4 $17) 49... g2 (49... h3 $142 50. Rb8 Rf2+ 51. Kc3 Rxb2 52. Kxb2 h2 53. Rg8+ Kf4) 50. Rb8 {[%emt 0:00:31] [#]} Rf2+ $2 ({Black should try} 50... g1=Q $1 $19 51. Rg8+ Kh5 52. Rh8+ Kg4 53. Rg8+ Kh3 54. Rxg1 Rxg1) 51. Kc3 Rf3+ 52. Kb4 h3 ({Reject} 52... Rf4+ $6 53. Kb5 $16) 53. Rg8+ Kf4 {[%emt 0:00:51] [#]} 54. Rbxg2 $1 hxg2 55. Rxg2 Rf1 56. Ra2 Rb1+ 57. Kc5 Rb8 58. a6 Kg3 59. a7 Rc8+ 60. Kb6 f4 61. Kb7 Re8 62. Rc2 f3 63. a8=Q Rxa8 64. Kxa8 f2 $11 65. Rxf2 1/2-1/2

[Event "Chile-ch Women 2019"]
[Site "Santiago Las Condes"]
[Date "2019.02.16"]
[Round "8.3"]
[White "Jorquera Cabello, Valentina"]
[Black "Luna Benalcazar, Gianella"]
[Result "1-0"]
[ECO "C00"]
[WhiteElo "2016"]
[BlackElo "1804"]
[Annotator "NA RC"]
[PlyCount "75"]
[EventDate "2019.02.12"]
[EventType "swiss"]
[EventCountry "CHI"]
[SourceTitle "playchess.com"]
[Source "ChessBase"]
[SourceQuality "1"]
[TimeControl "5400+30"]

1. e4 e6 2. d3 d5 3. Nd2 Nf6 4. g3 b6 5. Bg2 Bb7 6. Qe2 c5 7. Ngf3 Be7 8. O-O Nc6 9. Re1 Qc7 10. c3 h6 11. e5 {[%emt 0:05:30] C00: French: Unusual White 2nd moves} (11. h4 O-O-O 12. Nf1 dxe4 13. dxe4 Ng4 14. Bf4 Nge5 15. Rad1 Rxd1 16. Rxd1 Rd8 17. Rxd8+ Kxd8 18. Nxe5 Nxe5 19. Qh5 {½-½ (33) Andriasian,Z (2586)-Akobian,V (2640) chess.com INT 2018}) 11... Nd7 12. Nf1 g5 13. h3 h5 $146 ({Black should play Predecessor:} 13... O-O-O $11 14. d4 Kb8 15. Be3 Rc8 16. a3 Na5 17. b4 cxd4 18. cxd4 Nc4 19. Rec1 {0-1 (31) Lauterbach,I (2027)-Grabuzova,T (2326) Bled 2018}) 14. Bxg5 Bxg5 15. Nxg5 Qxe5 16. Qd2 Qf5 17. h4 Nce5 18. d4 Nc4 19. Qc1 O-O-O (19... O-O $16) 20. b3 (20. Ne3 $18 {and White stays clearly on top.} Qg6 21. Nxc4 dxc4 22. Qf4) 20... Nd6 21. Bh3 Qf6 22. b4 cxd4 23. cxd4+ Kb8 24. Qe3 Rc8 25. Nd2 Nc4 (25... Nb5 $11 {keeps the balance.} 26. Ndf3 Rc3) 26. Nxc4 Rxc4 {[%emt 0:00:11] [#]} (26... dxc4 $142 27. Ne4 Qe7) 27. Nxf7 $1 Rg8 $2 (27... Qxf7 {was called for.} 28. Bxe6 Qf6) 28. Qxe6 Qxd4 $2 (28... Qxe6 29. Rxe6 Rxd4) 29. Qxd7 Rxg3+ 30. Bg2 Rxg2+ 31. Kxg2 Qg7+ 32. Kf1 Rc7 33. Qe8+ Bc8 34. Ng5 $18 Qd4 35. Rac1 Qxh4 36. Rxc7 Kxc7 37. Rc1+ Kd6 38. Rc6# 1-0

[Event "Chile-ch Women 2019"]
[Site "Santiago Las Condes"]
[Date "2019.02.16"]
[Round "8.4"]
[White "Urrutia Cordova, Camila"]
[Black "Sanchez Tobar, Francisca Valenti"]
[Result "0-1"]
[ECO "C60"]
[WhiteElo "1694"]
[BlackElo "1817"]
[Annotator "NA RC"]
[PlyCount "66"]
[EventDate "2019.02.12"]
[EventType "swiss"]
[EventCountry "CHI"]
[SourceTitle "playchess.com"]
[Source "ChessBase"]
[SourceQuality "1"]
[TimeControl "5400+30"]

1. e4 e5 2. Nf3 Nc6 3. Bb5 g6 4. c3 Bg7 5. O-O Nge7 6. d4 exd4 7. cxd4 d5 8. exd5 Nxd5 9. Re1+ Be6 10. Ng5 {[%emt 0:13:08] C60: Ruy Lopez: Unusual Black 3rd moves and 3...g6} Qd7 $146 ({Predecessor:} 10... O-O 11. Bxc6 bxc6 12. Nxe6 fxe6 13. Nc3 Qf6 14. Be3 Nxe3 15. fxe3 Qf2+ 16. Kh1 Qxb2 17. Qc1 Qxc1 18. Raxc1 {0-1 (65) Bogut,Z (2467)-Stevic,H (2617) Stari Mikanovci 2009}) 11. Qg4 O-O 12. Nxe6 fxe6 13. Nc3 Qf7 14. Be3 $1 Ncb4 15. Re2 c6 16. Bc4 b5 17. Bb3 Rae8 18. Ne4 Qf5 19. Qh4 Rd8 $2 (19... Nxe3 $14 20. Rxe3 (20. fxe3 g5 $14) 20... Nd5 21. Bxd5 Qxd5) 20. Ng3 (20. Bg5 $18 Nf4 21. Qxf4 (21. Bxd8 Nxe2+ 22. Kf1 Nxd4 $15) 21... Qxf4 22. Bxf4 (22. Bxe6+ Kh8 $16) 22... Rxf4 23. Ng5 (23. Bxe6+ Kh8 $16)) 20... Qf7 21. a3 ({White should play} 21. Bg5 $16 Rb8 22. Rd1) 21... Na6 (21... Nd3 $11 {keeps the balance.}) 22. Qe4 ({White should try} 22. Ne4 $16) 22... Nac7 23. Bg5 Rde8 24. Rc1 e5 $2 ({Black should play} 24... Qd7 $14) 25. Qd3 $2 ({White has to play} 25. Rxc6 $18 Kh8 {[#]} 26. Rxc7 $1 {[%mdl 576] Deflection} Qxc7 27. Bxd5) 25... Qd7 26. dxe5 Bxe5 $2 {[%emt 0:00:36] [#]} ({Black should try} 26... Rxe5 $14 27. Rxe5 Bxe5) 27. Rec2 $1 Re6 28. Ne4 Na6 $2 {[%emt 0:00:07] [#]} (28... Bd6 29. Rxc6 Bxh2+ 30. Kxh2 Rxc6) 29. Nc3 $4 (29. Rxc6 $1 $18 {[%mdl 512] and all is fine.} Rxc6 (29... Qxc6 30. Rxc6) 30. Qxd5+ Qxd5 31. Bxd5+ Kh8 32. Rxc6) 29... Nc5 {[%emt 0:01:05] Double Attack} 30. Qh3 Nxb3 31. Rd1 Bxc3 32. bxc3 Rfe8 33. Kf1 {[%emt 0:03:00] [#]} Ne3+ {[%emt 0:01:20] Discovered Attack} 0-1

[Event "Chile-ch Women 2019"]
[Site "Santiago Las Condes"]
[Date "2019.02.16"]
[Round "8.5"]
[White "Lemus Pena, Macarena"]
[Black "Ruiz Olate, Emily Andrea"]
[Result "0-1"]
[ECO "A15"]
[WhiteElo "1757"]
[BlackElo "1892"]
[Annotator "NA RC"]
[PlyCount "60"]
[EventDate "2019.02.12"]
[EventType "swiss"]
[EventCountry "CHI"]
[SourceTitle "playchess.com"]
[Source "ChessBase"]
[SourceQuality "1"]
[TimeControl "5400+30"]

1. Nf3 Nf6 2. c4 g6 3. b4 Bg7 4. Bb2 d5 (4... O-O 5. e3 d6 6. Be2 e5 7. d3 e4 8. dxe4 Nxe4 9. Qc1 Nd7 10. Bxg7 Kxg7 11. Nbd2 Nxd2 12. Qxd2 a5 13. b5 b6 14. Nd4 Bb7 15. Bf3 Bxf3 16. Nxf3 {½-½ (58) Kuzubov,Y (2647)-Kokarev,D (2608) Linares 2018}) 5. cxd5 Qxd5 6. Nc3 {[%emt 0:00:07] A15: English Opening: 1...Nf6} Qd8 7. e3 O-O 8. b5 $146 ({Predecessor:} 8. Be2 Nbd7 9. O-O e5 10. d3 c6 11. a4 b6 12. Qb3 Re8 13. Rfd1 Qe7 {1-0 (41) Kurajica,B (2529)-Firat,B (2487) Izmir 2016}) 8... a6 9. a4 axb5 10. axb5 Rxa1 11. Qxa1 Bf5 12. d4 Nbd7 13. Be2 Nb6 14. O-O Be6 15. Ne5 Nfd7 16. Na4 Nxa4 17. Qxa4 Nxe5 18. dxe5 Qd2 19. Ba3 Qxe2 20. Bxe7 Bc4 21. Rb1 Re8 22. Bf6 Bxf6 23. exf6 Rd8 24. h3 h5 25. Rc1 Bxb5 26. Qf4 Kh7 (26... Rd1+ $142 27. Rxd1 Qxd1+ 28. Kh2 Qd6 29. Qxd6 cxd6) 27. Rxc7 Qd1+ 28. Kh2 Rd7 $19 29. Rc5 Bc6 30. Rxh5+ Qxh5 0-1

[Event "Chile-ch Women 2019"]
[Site "Santiago Las Condes"]
[Date "2019.02.16"]
[Round "8.6"]
[White "Manriquez Abarzua, Maria Belen"]
[Black "Vildosola Canales, Melany"]
[Result "1/2-1/2"]
[ECO "B30"]
[WhiteElo "1650"]
[BlackElo "1531"]
[Annotator "NA RC"]
[PlyCount "65"]
[EventDate "2019.02.12"]
[EventType "swiss"]
[EventCountry "CHI"]
[SourceTitle "playchess.com"]
[Source "ChessBase"]
[SourceQuality "1"]
[TimeControl "5400+30"]

1. e4 c5 2. Nf3 Nc6 3. Bb5 Nf6 4. e5 Nd5 5. Nc3 Nc7 6. Bxc6 dxc6 7. Ne4 b6 8. d3 Bg4 9. Qe2 Ne6 10. c3 Qc7 11. Ng3 g6 12. O-O Bg7 13. Re1 O-O 14. Qe4 Bxf3 15. gxf3 Qd7 16. f4 Qd5 17. f5 Qxe4 18. Rxe4 Nc7 19. fxg6 fxg6 20. Bg5 e6 21. Rd1 Rf3 22. Be7 Nd5 23. Kg2 Rxg3+ 24. hxg3 Nxe7 25. f4 Rd8 26. Ra4 a5 27. d4 Nf5 28. Kf3 Bf8 29. g4 Ng7 30. Ke4 Be7 31. Rf1 cxd4 32. cxd4 Bb4 33. Rc1 1/2-1/2

[Event "Chile-ch Women 2019"]
[Site "Santiago Las Condes"]
[Date "2019.02.16"]
[Round "8.7"]
[White "Romero Troncoso, Liset Anais"]
[Black "Yanez Araya, Josefa"]
[Result "1-0"]
[ECO "C00"]
[WhiteElo "1604"]
[BlackElo "1688"]
[Annotator "NA RC"]
[PlyCount "87"]
[EventDate "2019.02.12"]
[EventType "swiss"]
[EventCountry "CHI"]
[SourceTitle "playchess.com"]
[Source "ChessBase"]
[SourceQuality "1"]
[TimeControl "5400+30"]

1. e4 e6 2. d3 d5 3. Nd2 Nf6 4. Ngf3 Bc5 5. e5 Ng4 6. d4 Bb6 7. Nb3 h5 8. Bd3 Nc6 9. c3 Bd7 10. O-O Qe7 11. Bg5 Qf8 12. Nh4 Ne7 13. Bf4 O-O-O 14. a4 a6 15. Nc5 Bxc5 16. dxc5 Nc6 17. b4 Ncxe5 18. b5 a5 19. c6 Be8 20. cxb7+ Kxb7 21. Be2 Qe7 22. Nf3 Nxf3+ 23. Bxf3 g5 24. Bd2 f6 25. c4 Ne5 26. Bxa5 Nxc4 27. Bc3 Ra8 28. Qe2 c6 29. Rfb1 Kc7 30. bxc6 Bxc6 31. Bxh5 e5 32. Bg4 Qh7 33. h3 Rhe8 34. Qd1 f5 35. Be2 g4 36. Bxc4 dxc4 37. Qe2 gxh3 38. Bxe5+ Kc8 39. Qxc4 Qg6 40. Bg3 hxg2 41. Rb6 Re6 42. Qf4 Qg7 43. Rb8+ Kd7 44. Qc7# 1-0

[Event "Chile-ch Women 2019"]
[Site "Santiago Las Condes"]
[Date "2019.02.16"]
[Round "8.8"]
[White "Vargas Banda, Valentina"]
[Black "Varela Varas, Patricia"]
[Result "0-1"]
[ECO "C77"]
[WhiteElo "1682"]
[BlackElo "1540"]
[Annotator "NA RC"]
[PlyCount "100"]
[EventDate "2019.02.12"]
[EventType "swiss"]
[EventCountry "CHI"]
[SourceTitle "playchess.com"]
[Source "ChessBase"]
[SourceQuality "1"]
[TimeControl "5400+30"]

1. e4 e5 2. Nf3 Nc6 3. Bb5 a6 4. Ba4 b5 5. Bb3 Nf6 6. d3 h6 7. c3 Bc5 8. Nbd2 d6 9. O-O O-O 10. Re1 Bb7 11. Nf1 Ne7 12. a4 Ng6 13. axb5 axb5 14. Rxa8 Qxa8 15. Be3 Bxe3 16. fxe3 d5 17. exd5 Bxd5 18. Ng3 Rd8 19. d4 exd4 20. exd4 Bxf3 21. Qxf3 Qxf3 22. gxf3 b4 23. Ne4 Nh5 24. Nc5 Nhf4 25. Na6 Nd3 26. Re3 Nxb2 27. Nxb4 Ra8 28. Kf2 Kf8 29. Re2 Na4 30. Ra2 Nb6 31. Rxa8+ Nxa8 32. Ke3 Ne7 33. Ke4 Nb6 34. c4 Nd7 35. Na6 f5+ 36. Kd3 c6 37. Nc7 g5 38. Ba4 Nb6 39. Bd1 Nd7 40. c5 Nd5 41. Nxd5 cxd5 42. Ke3 f4+ 43. Kd3 Ke7 44. Be2 Nb8 45. Bd1 Kd8 46. Bb3 Nc6 47. Bxd5 Nb4+ 48. Ke4 Nxd5 49. Kxd5 g4 50. Ke6 gxf3 0-1

[Event "Chile-ch Women 2019"]
[Site "Santiago Las Condes"]
[Date "2019.02.17"]
[Round "9.1"]
[White "Abarca Gonzalez, Damaris"]
[Black "Reyes Jara, Paula"]
[Result "1/2-1/2"]
[ECO "C55"]
[WhiteElo "2039"]
[BlackElo "1955"]
[Annotator "NA"]
[PlyCount "38"]
[EventDate "2019.02.12"]
[EventType "swiss"]
[EventCountry "CHI"]
[SourceTitle "playchess.com"]
[Source "ChessBase"]
[SourceQuality "1"]
[TimeControl "5400+30"]

1. e4 e5 2. Nf3 Nc6 3. Bc4 Be7 4. d4 d6 5. O-O Nf6 6. dxe5 Nxe5 7. Nxe5 dxe5 8. Qe2 {[%emt 0:00:20] C55: Two Knights: 4 d3, 4 d4 exd4 5 e5 and Max Lange Attack} Qd4 (8... c6 9. Rd1 Qc7 10. b3 O-O 11. Bb2 Bg4 12. f3 Bd7 13. a4 Rfd8 14. Nd2 Bc5+ 15. Kh1 Be8 {0-1 (48) Hector,J (2501)-Semcesen,D (2464) Malmo 2018}) 9. Nc3 Bg4 10. Qd3 Rd8 $146 ({Predecessor:} 10... c6 11. h3 Bh5 12. Be3 Qxd3 13. Bxd3 O-O 14. g4 Bg6 15. f3 Nd7 {0-1 (45) Cintra,R (1839)-Santana,A (2096) Batatais 2011}) 11. Be3 Qxd3 12. Bxd3 a6 13. a4 O-O 14. Bc4 c6 15. f3 Bh5 16. Bb6 Rd7 17. Rfd1 Bb4 18. g4 Bg6 19. g5 Rxd1+ 1/2-1/2

[Event "Chile-ch Women 2019"]
[Site "Santiago Las Condes"]
[Date "2019.02.17"]
[Round "9.2"]
[White "Jorquera Cabello, Valentina"]
[Black "Arbunic Castro, Giovanna"]
[Result "1/2-1/2"]
[ECO "B01"]
[WhiteElo "2016"]
[BlackElo "1995"]
[Annotator "NA"]
[PlyCount "64"]
[EventDate "2019.02.12"]
[EventType "swiss"]
[EventCountry "CHI"]
[SourceTitle "playchess.com"]
[Source "ChessBase"]
[SourceQuality "1"]
[TimeControl "5400+30"]

1. e4 d5 2. exd5 Qxd5 3. Nc3 Qa5 4. d4 Nf6 5. Bc4 c6 6. Nf3 Bg4 7. h3 Bh5 8. g4 Bg6 9. Ne5 Nbd7 10. Nxg6 {[%emt 0:00:09] B01: Scandinavian Defence} hxg6 11. Bd2 Qc7 12. Qe2 e6 13. d5 cxd5 14. Nxd5 Nxd5 15. Bxd5 O-O-O $146 ({Predecessor:} 15... Bd6 16. O-O-O O-O-O {1-0 (30) Rocha,W (2315)-Oblitas Guerrero,C (2420) Sao Paulo 1998}) 16. Bg2 Bd6 17. O-O-O Bf4 18. Be3 Bxe3+ 19. Qxe3 Nb6 20. Rhe1 Rxd1+ 21. Rxd1 Rd8 22. Rxd8+ Kxd8 23. b3 Nc8 24. f4 b6 25. Kb2 Ne7 26. Qd4+ Ke8 27. a4 a5 $11 28. c3 Nd5 29. Bxd5 exd5 30. Qxd5 Qxf4 31. Qb5+ Ke7 32. Qe2+ Kd8 1/2-1/2

[Event "Chile-ch Women 2019"]
[Site "Santiago Las Condes"]
[Date "2019.02.17"]
[Round "9.3"]
[White "Sanchez Tobar, Francisca Valenti"]
[Black "Gomez Barrera, Javiera Belen"]
[Result "0-1"]
[ECO "C20"]
[WhiteElo "1817"]
[BlackElo "1990"]
[Annotator "NA"]
[PlyCount "180"]
[EventDate "2019.02.12"]
[EventType "swiss"]
[EventCountry "CHI"]
[SourceTitle "playchess.com"]
[Source "ChessBase"]
[SourceQuality "1"]
[TimeControl "5400+30"]

1. e4 e5 2. c4 Nc6 3. Nc3 Bc5 4. g3 Qf6 5. Nf3 Nd4 6. Bg2 c6 7. O-O Nxf3+ 8. Bxf3 d6 9. d3 Bh3 10. Bg2 Qe6 11. Be3 Bxe3 12. fxe3 Bxg2 13. Kxg2 Nf6 14. Qf3 Rd8 15. Qf5 O-O 16. Qg5 h6 17. Qf5 Rfe8 18. Rae1 d5 19. exd5 cxd5 20. Qxe6 Rxe6 21. c5 d4 22. exd4 Rxd4 23. Rf3 Nd7 24. Ne4 Rc6 25. Ref1 f6 26. Rc1 b6 27. Rc3 bxc5 28. b3 a6 29. Rf2 Rd5 30. Rfc2 f5 31. Nd2 Re6 32. Kf3 g6 33. Ke3 Kg7 34. Rc4 Red6 35. R4c3 Kf6 36. Nc4 Re6 37. Nd2 Rd4 38. Nf3 g5 39. Kf2 Rd5 40. Nd2 h5 41. Kf3 (41. h3 $17) 41... g4+ 42. Ke3 Rd4 43. Rc4 {[%emt 0:00:34] [#]} Rd5 $2 ({Black should play} 43... h4 $1 $19 44. gxh4 Red6 45. Rxd4 exd4+ 46. Kf2 Ne5) 44. R4c3 Kg5 45. a3 h4 46. Kf2 hxg3+ 47. hxg3 Rd4 48. Rb2 Red6 49. Ke2 R6d5 50. Rbc2 Rd6 51. Rb2 Rh6 52. Nf1 f4 53. Rbc2 Kf5 54. Kf2 Rhd6 55. Rd2 Kg5 56. Ke2 $19 Rh6 57. Kf2 Rd5 58. Ke2 Rh3 59. Kf2 Rd4 60. Kg2 Rh6 61. Rdc2 Kf5 62. Kf2 Rhd6 63. Rd2 Kg5 64. Ke2 Rh6 65. Kf2 Rf6 66. Kg2 Rfd6 67. Kf2 Kf5 68. Ke2 R4d5 69. Rdc2 a5 70. Rd2 Nf6 71. Rdc2 Nd7 72. Rc1 Rd4 73. R1c2 Re6 74. Kf2 Rh6 75. Kg2 Rdd6 76. Kf2 Rh3 77. Kg2 Kg5 78. Kf2 Rf6 79. Kg2 Rfh6 80. a4 Rh7 81. Rc1 Rh8 82. R1c2 R8h6 83. Rc1 fxg3 84. Nxg3 Rh2+ 85. Kg1 R6h3 86. Ne4+ Kh5 87. R1c2 Rh1+ 88. Kg2 Kh4 89. Kf2 R3h2+ 90. Ke3 Re1+ {[%emt 0:00:08] Kd4 [%clk 0:00:00]} 0-1